 Dungeon Crawl Stone Soup version 0.27-a0-765-ge4d627daa3 (webtiles) character file.

Game seed: 251278736132879535

93 HendSelp the Poker (level 4, -1/34 HPs)
             Began as a Merfolk Gladiator on Mar 24, 2021.
             Slain by an adder (5 damage)
             ... on level 3 of the Dungeon.
             The game lasted 00:02:33 (1940 turns).

HendSelp the Poker (Merfolk Gladiator)              Turns: 1940, Time: 00:02:33

Health: -1/34      AC:  4    Str: 15    XL:     4   Next: 62%
Magic:  4/4        EV: 13    Int:  7    God:
Gold:   42         SH:  0    Dex: 15    Spells: 3/3 levels left

rFire    . . .     SeeInvis .   a - +0 trident
rCold    . . .     Faith    .   (no shield)
rNeg     . . .     Spirit   .   b - +0 leather armour
rPois    .         Reflect  .   c - +0 helmet
rElec    .         Harm     .   (no cloak)
rCorr    .         Rampage  .   (no gloves)
Will     .....                  (no boots)
Stlth    ..........             (no amulet)
HPRegen  0.11/turn              (no ring)
MPRegen  0.09/turn              (no ring)

@: lethally poisoned (-1 -> -9), silenced
A: (nimble swimmer 2), mertail
a: no special abilities


You were on level 3 of the Dungeon.
You visited 1 branch of the dungeon, and saw 3 of its levels.

You collected 42 gold pieces.

Inventory:

Hand Weapons
 a - a +0 trident (weapon)
Missiles
 d - 3 throwing nets (quivered)
Armour
 b - a +0 leather armour (worn)
 c - a +0 helmet (worn)
Scrolls
 e - a scroll of magic mapping
 g - a scroll of enchant armour
 k - a scroll of teleportation {unknown}
 l - a scroll of enchant weapon {unknown}
 n - a scroll of torment {unknown}
Potions
 i - a potion of heal wounds {unknown}
 j - a potion of flight {unknown}
 m - a potion of haste {unknown}


   Skills:
 + Level 2.5 Fighting
 + Level 6.5 Polearms
 + Level 2.0 Throwing
 + Level 0.5 Armour
 + Level 4.5 Dodging
 + Level 0.9 Stealth


You had 3 spell levels left.
You didn't know any spells.
Your spell library contained the following spells:

 Spells                   Type           Power      Damage    Failure   Level
 Blink                    Tloc           N/A        N/A       65%         2
 Ensorcelled Hibernation  Hex/Ice        0%         N/A       65%         2
 Inner Flame              Hex/Fire       0%         N/A       86%         3
 Passage of Golubria      Tloc           N/A        N/A       99%         4
 Malign Gateway           Summ/Tloc      0%         N/A       100%        7


Dungeon Overview and Level Annotations

Branches:
Dungeon (3/15)

Altars:


Innate Abilities, Weirdness & Mutations

((You are quick and stealthy while swimming. (Stealth+, EV+, Speed+++)))
Your lower body shifts to a powerful aquatic tail in water.


Message History

An orc comes into view. It is wielding a +0 flail.
Found a glowing spear.
Found a robe.
An adder comes into view.
The orc closely misses you.
You hit the orc.
The orc is heavily wounded.
The orc hits you with a +0 flail.
You hit the orc.
The orc is severely wounded.
The orc hits you with a +0 flail. The adder barely misses you.
Unknown command.
You hit the orc.
You kill the orc!
The adder bites you.
You are poisoned.
The adder poisons you!
Unknown command.
You feel sick. The adder bites you but does no damage.
You see here a +0 flail.
Unknown command.
You hit the adder but do no damage.
You feel sick. The adder bites you.
You are more poisoned.
The adder poisons you! The adder completely misses you.
You barely miss the adder.
You feel very sick. The adder bites you.
You hit the adder but do no damage.
You feel sick. The adder bites you but does no damage.
You closely miss the adder.
You feel sick. The adder closely misses you.
You miss the adder.
You feel sick. The adder bites you.
* * * LOW HITPOINT WARNING * * *
You are more poisoned.
The adder poisons you! The adder bites you.
* * * LOW HITPOINT WARNING * * *
You barely miss the adder.
* * * LOW HITPOINT WARNING * * *
You feel very sick. The adder bites you.
You die...

*********,**,****************,*
*.[....**,,,,,,,,,,,,,,,,*,,
*......###***********,,,,***
*.........,,,,,,,* **,,,,* *
*,...)...#******,* *,,,,,***
***#......,,,,**,* *,,,,,**,
#.....####,#*+*#*,,,,,,*,
#.....##S#.#....,,******,
#.......@.......,,,,,* *,
##########..)...,,,,,* **
******** *,,,,,,..#...,,,,,*
*,,,,,,*****,*,,,**.#,..,,,,,*
*,<,,,,,,,,,,+,,,,*.#,******,*
*,,,,,,*,***,*,,,,*,#,* *,*
*,,,,,,,,*,*,*,,,,*,*,* ****,*
*,,,,,,***,*,****+*,*,* *,,,,*
*,,,,,,,,,,*,**,,,,,,,***,****


You could see an adder.

Vanquished Creatures
  Jessica (D:2)
  An adder (D:2)
  A dart slug (D:1)
  An orc (D:3)
  5 ball pythons
  11 endoplasms
  4 giant cockroaches
  3 goblins (D:1)
  2 hobgoblins (D:1)
  A quokka (D:1)
  4 bats
  8 frilled lizards
  5 kobolds
  6 rats
53 creatures vanquished.

Notes
Turn   | Place    | Note
-------+----------+-------------------------------------------
     0 | D:1      | HendSelp the Merfolk Gladiator began the quest for the Orb.
     0 | D:1      | Reached XP level 1. HP: 16/16 MP: 1/1
   103 | D:1      | Identified Idoczem's Guide on Malediction and Dislocation
   139 | D:1      | Reached XP level 2. HP: 22/22 MP: 2/2
   312 | D:1      | Reached skill level 5 in Polearms
   678 | D:1      | Reached XP level 3. HP: 28/28 MP: 3/3
  1269 | D:2      | Reached skill level 6 in Polearms
  1612 | D:2      | Noticed Jessica
  1624 | D:2      | Killed Jessica
  1625 | D:2      | Reached XP level 4. HP: 30/34 MP: 4/4
  1940 | D:3      | Slain by an adder

Illustrated notes

Levels and vault maps discovered:
D:1:      ncdulo_lavacross, layout_basic, grunt_decor_cap,
          chequers_serial_rivers_micro_c, minmay_misc_feat_ornament
D:2:      layout_basic, minmay_vboxes, uniq_jessica
D:3:      layout_basic, portal_sewer_entry_e, chequers_ecumenical_altar_island,
          interstate_on_off

Skill      XL: |  1  2  3 |
---------------+----------+-----
Polearms       | 5 6 |  6.5
Fighting       | |  2.5
Throwing       | |  2.0
Armour         | |  0.5
Dodging        | |  4.5
Stealth        | |  0.9

Action                   |  1- 3 |  4- 6 || total
-------------------------+-------+-------++-------
Melee: Trident           |   115 |    33 ||   148
  Use: Scroll            |       |     3 ||     3
 Stab: Sleeping          |     2 |     1 ||     3
Armor: Leather armour    |    22 |    11 ||    33
Dodge: Dodged            |    92 |    15 ||   107

Table legend: (Time is in decaauts)
 A = Elapsed time spent in this place.
 B = Non-inter-level travel time spent in this place.
 C = Inter-level travel time spent in this place.
 D = Time resting spent in this place.
 E = Time spent auto-exploring this place.
 F = Levels seen in this place.
 G = Mean time per level.
                   A        B        C        D        E       F      G
               +--------+--------+--------+--------+--------+-----+--------+
         Total |   1941 |   1905 |     36 |    590 |   1043 |   3 |  647.0 |
       Dungeon |   1941 |   1905 |     36 |    590 |   1043 |   3 |  647.0 |
               +--------+--------+--------+--------+--------+-----+--------+

Top non-repeatable levels by time:
     D:1: 1220 daAuts
     D:2: 703 daAuts
     D:3: 18 daAuts
